[Event "1st FIDE Olympiad DIS 2023"]
[Site "Belgrade"]
[Date "2023.02.03"]
[Round "5.2"]
[White "Shashikant, Kutwal"]
[Black "Molenda, Marcin"]
[Result "0-1"]
[ECO "B57"]
[WhiteElo "2182"]
[BlackElo "2381"]
[Annotator "TA"]
[PlyCount "82"]
[EventDate "2023.01.30"]
[EventType "team-tourn"]
[EventCountry "SRB"]
[SourceTitle "playchess.com"]
[Source "ChessBase"]
[SourceQuality "1"]
[WhiteTeam "India"]
[BlackTeam "Poland"]
[WhiteTeamCountry "IND"]
[BlackTeamCountry "POL"]
[TimeControl "40/5400+30:1800+30"]

1. e4 c5 2. Nf3 d6 3. d4 cxd4 4. Nxd4 Nf6 5. Nc3 Nc6 6. Bc4 Qb6 7. Nb3 e6 8. O-O Be7 9. Bd3 {[%emt 0:03:48] B57: Classical Sicilian: Sozin with 6...Qb6.} O-O 10. a4 a6 11. a5 {[%emt 0:07:32] White is slightly better.} Qc7 12. Be3 Bd7 13. f4 Rac8 14. Na4 Nb4 15. Nb6 {[%emt 0:01:01] [#]} Rcd8 $146 ({Predecessor:} 15... Rce8 16. Kh1 Bc6 17. Qe1 Nxd3 18. cxd3 Nd7 19. Rc1 Nxb6 20. axb6 Qd7 21. Nd4 Rc8 22. f5 Bf6 {1-0 Ruiz Perez,J (1997)-Estrada Perez,J (1818) MEX-ch U26 Merida 2019 (2)}) 16. Qe2 Bc6 17. Bd4 e5 18. Bc3 Nxd3 19. cxd3 Nd7 20. Nxd7 (20. Nc4 $11 {keeps the balance.}) 20... Qxd7 $17 21. Nd2 d5 {[%emt 0:03:11] Inhibits Nc4.} 22. exd5 Qxd5 23. Nc4 (23. fxe5 $17 Bc5+ 24. Kh1) 23... exf4 $19 ({Inferior is} 23... Qxd3 24. Qxd3 Rxd3 25. Nxe5 $11) 24. Rxf4 Bg5 {[%emt 0:09:20] A strong pair of Bishops.} (24... Qxd3 $2 25. Qxe7 Qg6 26. Rf2 $18) 25. Rg4 (25. Rd4 $142 Qb5 26. Qf2) 25... f6 $1 $17 (25... Qxd3 $2 26. Rxg5 f6 27. Qe6+ (27. Qe7 Rf7 $15) 27... Kh8 28. Qe7 $18) 26. Rd4 {[%emt 0:04:48] [#]} Rde8 {[%emt 0:08:33] Black is more active.} (26... Qf5 $1 $17 {...Rxd4 would be deadly.} 27. Rf1 Qg6 28. Rxd8 Rxd8) 27. Qf2 $11 Qe6 (27... Qc5 $11) 28. Bb4 $16 {[%emt 0:01:34] And now Re1 would win.} Rf7 (28... Qe2 $16 {was worth a try.}) 29. Re1 $18 Qc8 {[%emt 0:00:05] [#]} 30. Rxe8+ (30. h4 $1 $18 Rxe1+ 31. Qxe1) 30... Qxe8 $11 31. h4 {[%emt 0:01:14] aiming for Nd6.} Bh6 (31... Bc1 $11) 32. Nd6 $14 Qe3 {[%emt 0:02:50] Strongly threatening ...Qc1+.} 33. Nxf7 Kxf7 34. Rd8 $2 (34. Kf1 $16 {stays on course.}) 34... Qc1+ $19 35. Qe1 (35. Kh2 {is a better defense.} Bf4+ 36. Kh3) 35... Qxb2 36. Rf8+ Kg6 37. h5+ Kxh5 38. Qd1+ Kg6 39. Qg4+ Bg5 40. Rh8 $2 (40. Be1) 40... f5 41. Qh3 Qxb4 {[%emt 0:31:24] An entertaining game by Molenda.   Weighted Error Value: White=0.63/Black=0.27 (precise)} 0-1

[Event "1st FIDE Olympiad DIS 2023"]
[Site "Belgrade"]
[Date "2023.02.03"]
[Round "5.2"]
[White "Mitrovic, Stefan"]
[Black "Babula, Milan"]
[Result "1/2-1/2"]
[ECO "E65"]
[WhiteElo "1807"]
[BlackElo "2107"]
[Annotator "TA"]
[PlyCount "50"]
[EventDate "2023.01.30"]
[EventType "team-tourn"]
[EventCountry "SRB"]
[SourceTitle "playchess.com"]
[Source "ChessBase"]
[SourceQuality "1"]
[WhiteTeam "Serbia"]
[BlackTeam "Czech Republic"]
[WhiteTeamCountry "SRB"]
[BlackTeamCountry "CZE"]
[TimeControl "40/5400+30:1800+30"]

1. d4 Nf6 2. Nf3 g6 3. g3 Bg7 4. Bg2 O-O 5. O-O Na6 6. c4 c5 7. Nc3 d6 8. h3 Bd7 9. Be3 {[%emt 0:01:13] E65: King's Indian: Fianchetto: 6...c5 7 0-0 without d5 by White.} Qc8 10. Kh2 Bc6 (10... cxd4 $11 11. Bxd4 (11. Nxd4 Qxc4 12. Qb3 Qxb3 $11) 11... Qxc4) 11. d5 $14 {[%emt 0:02:03] White is slightly better.} Bd7 12. Qd2 Nc7 {[%emt 0:03:11] [#]} 13. a4 $146 ({Predecessor:} 13. Bh6 b5 14. Bxg7 Kxg7 15. cxb5 Nxb5 16. e4 Nxc3 17. Qxc3 Rb8 18. Rfe1 Qb7 19. b3 {½-½ Hohler,P (2059)-Babula,M (2175) Wch Seniors 65 29th 2019 (8)}) 13... b6 (13... e5 $14) 14. Bh6 $16 a6 15. Bxg7 Kxg7 16. e4 Nfe8 17. Nh4 (17. e5 $142) 17... b5 (17... Nf6 $2 18. f4 $18) 18. axb5 (18. f4 {is more complex.} bxc4 19. f5 Rb8 20. Rae1) 18... axb5 19. cxb5 (19. b3 {simplifies} Rxa1 20. Rxa1 Kg8 21. f4) 19... Nxb5 20. Nxb5 Bxb5 21. Rfe1 f6 (21... Nf6 $11) 22. f4 (22. Rxa8 $14 Qxa8 23. b4) 22... Rxa1 23. Rxa1 Qb8 {[%emt 0:00:06] [#] Prevents Ra7.} (23... Nc7 $14 {was preferrable.}) 24. Qc3 {[%emt 0:01:56] White has more active pieces. The black rooks are badly placed.} (24. b4 $1 $16 ) 24... Nc7 25. b4 cxb4 {[%emt 0:06:37] Weighted Error Value: White=0.22 (precise) /Black=0.25 (precise)} 1/2-1/2

[Event "1st FIDE Olympiad DIS 2023"]
[Site "Belgrade"]
[Date "2023.02.03"]
[Round "5.3"]
[White "Piekielny, Pawel"]
[Black "Kishan, Gangolli"]
[Result "1/2-1/2"]
[ECO "C07"]
[WhiteElo "2230"]
[BlackElo "2059"]
[Annotator "TA"]
[PlyCount "92"]
[EventDate "2023.01.30"]
[EventType "team-tourn"]
[EventCountry "SRB"]
[SourceTitle "playchess.com"]
[Source "ChessBase"]
[SourceQuality "1"]
[WhiteTeam "Poland"]
[BlackTeam "India"]
[WhiteTeamCountry "POL"]
[BlackTeamCountry "IND"]
[TimeControl "40/5400+30:1800+30"]

1. e4 e6 2. d4 d5 3. Nd2 c5 4. exd5 Qxd5 5. Ngf3 cxd4 6. Bc4 Qd6 7. O-O Nf6 8. Nb3 Nc6 9. Nbxd4 Nxd4 10. Nxd4 Be7 11. c3 O-O 12. Qf3 Qc7 13. Bb3 Bd7 14. Bg5 {[%emt 0:12:02] C07: French Tarrasch: 3...c5, 4 Ngf3 and 4 exd5 Qxd5.} Nd5 {[%emt 0:12:20] is the legacy move (14...a5).} 15. Bxe7 Nxe7 16. Rad1 {[%emt 0:02:55] The position is equal.} (16. Rfe1 {looks sharper.} Bc6 17. Qh5 Qb6 18. Qg5) 16... Rad8 17. Rfe1 {[%emt 0:10:06] [#]} Ng6 $146 ({Predecessor:} 17... a6 18. Qh5 Ng6 19. Bc2 Bc6 20. Nxc6 Qxc6 21. Qg5 Qc7 22. h3 Ne7 23. Qh4 Ng6 {½-½ Musil,M (2000)-Kovar,J (2000) CZE-chT B4 corr 2002}) 18. g3 Ne7 19. Qe2 Qb6 20. Rd2 Nc6 21. Nf3 Bc8 22. Rxd8 Rxd8 23. h4 Qc5 24. Bc2 h6 25. Qe4 {[%emt 0:01:39] [#] Qh7+ is the strong threat.} (25. Rd1 {simplifies} Rxd1+ 26. Qxd1 e5 27. Nd2) 25... g6 26. Qf4 Kg7 27. Be4 Qd6 (27... e5 {feels hotter.} 28. Qc1 f6 29. Rd1 Be6) 28. Qe3 a6 {[%emt 0:02:14] [#]} 29. h5 $1 gxh5 30. Bc2 Qd5 31. Be4 (31. Kg2 $14) 31... Qd6 $11 32. Bb1 Qd5 33. b3 {[%emt 0:02:24][%mdl 1024] White has compensation.} Ne7 34. Bc2 (34. c4 {is more complex.} Qd6 35. c5 Qc7 36. Qc3+) 34... Nf5 35. Qe2 Qc5 36. c4 $2 (36. Bxf5 $15 Qxf5 37. Nd4) 36... Nxg3 $19 37. Qe5+ Qxe5 38. Rxe5 Nf5 39. Bxf5 exf5 {[%emt 0:00:08][%mdl 4096] Endgame KRB-KRN} 40. Re7 Rd7 (40... Kf6 $19 41. Re3 b6) 41. Re8 (41. Rxd7 $17 {might work better.} Bxd7 42. Ne5) 41... Rc7 42. Kh2 Be6 43. Kg3 Kf6 (43... Rd7 $19 44. Rb8 Kf6) 44. Rh8 $17 Kg7 (44... b5 $17 45. cxb5 Kg7) 45. Re8 $1 $19 Kf6 (45... Rd7 $19 {has better winning chances.} 46. Rb8 Kf6) 46. Rh8 $17 Kg7 {[%emt 0:00:00] Weighted Error Value: White=0.18 (very precise) /Black=0.22 (precise)} (46... b5 $17 47. cxb5 Kg7) 1/2-1/2

[Event "1st FIDE Olympiad DIS 2023"]
[Site "Belgrade"]
[Date "2023.02.03"]
[Round "5.3"]
[White "Valenta, Vit Vaclav"]
[Black "Bulatovic, Luka"]
[Result "1-0"]
[ECO "C14"]
[WhiteElo "2022"]
[BlackElo "1707"]
[Annotator "TA"]
[PlyCount "102"]
[EventDate "2023.01.30"]
[EventType "team-tourn"]
[EventCountry "SRB"]
[SourceTitle "playchess.com"]
[Source "ChessBase"]
[SourceQuality "1"]
[WhiteTeam "Czech Republic"]
[BlackTeam "Serbia"]
[WhiteTeamCountry "CZE"]
[BlackTeamCountry "SRB"]
[TimeControl "40/5400+30:1800+30"]

1. e4 e6 2. d4 d5 3. Nc3 Nf6 4. Bg5 Be7 5. e5 Nfd7 6. Bxe7 Qxe7 7. Nf3 a6 8. Qd2 c5 {[%emt 0:00:37] C14: French: Classical System: 4 Bg5 Be7 main line.} 9. Ne2 Nc6 10. c3 cxd4 {[%emt 0:02:41] The position is equal.} 11. cxd4 f6 12. exf6 Nxf6 13. Ng3 Qb4 14. Bd3 Qxd2+ 15. Kxd2 Bd7 16. Rhe1 O-O 17. h3 {[%emt 0:04:39] Prevents Ng4.} Rac8 18. Rac1 {[%emt 0:02:36] [#]} Nb4 $146 ({Predecessor:} 18... g6 19. Rc3 Ne8 20. Ke3 Nd6 21. b3 Nb4 22. Rxc8 Rxc8 23. Bb1 Nc2+ 24. Bxc2 Rxc2 {1-0 Stavnjak,L (2280)-Okicic,N BIH-chT2 Neum 2005 (1)}) 19. Bb1 Rxc1 20. Rxc1 Nc6 21. Ke3 Rc8 22. Ne2 Na5 23. Rxc8+ Bxc8 24. b3 {[%emt 0:09:09] Prevents Nc4+.} Nc6 25. Nf4 h6 26. Ng6 Bd7 27. Nfe5 Nxe5 28. Nxe5 $14 {[%emt 0:02:43][%mdl 4096] Endgame KBN-KBN} ({White should try} 28. dxe5 $16 Nh7 29. f4) 28... Kf8 29. f4 Ke7 30. g4 Ne8 31. h4 Nd6 32. g5 Nf7 33. Ng4 Kf8 34. Bg6 {[%emt 0:00:43] [#] Threatens to win with Bxf7.} Nh8 (34... Nd6 $1 $11) 35. Ne5 $16 {[%emt 0:01:19] White is more active.} Be8 {[%emt 0:02:56][%mdl 8192] A mistake that costs the game.} ({Weaker is} 35... Nxg6 36. Nxg6+ Kg8 37. f5 $16) (35... Ke7 $16) 36. Bxe8 $18 Kxe8 37. gxh6 (37. g6 $142) 37... gxh6 {[%emt 0:00:20] [#] KN-KN} 38. f5 $1 Ke7 $2 (38... Nf7 {is a better chance.}) 39. Kf4 {[%emt 0:00:57] Ng6+ would be deadly.} Kf6 {[%emt 0:02:45] Repels Ng6} 40. Ng4+ Kg7 41. h5 ({Not} 41. fxe6 Ng6+ 42. Kf5 Nxh4+ 43. Ke5 h5 $18) 41... exf5 42. Kxf5 Nf7 43. Ke6 {[%emt 0:00:37] Wards off Nd6} Nd8+ (43... Kf8 $142 44. Kxd5 Ke7) 44. Kxd5 Nc6 45. a3 Ne7+ 46. Ke4 {[%emt 0:01:28] Black must now prevent d5.} Ng8 47. Ke5 {[%emt 0:00:37] White mates.} Kf7 48. d5 Ke7 49. d6+ Kd7 50. b4 b5 51. Kd5 Ke8 {[%emt 0:00:31] Weighted Error Value: White=0.11 (very precise) /Black=0.47} 1-0

[Event "1st FIDE Olympiad DIS 2023"]
[Site "Belgrade"]
[Date "2023.02.03"]
[Round "5.4"]
[White "Naveen, Kumar A."]
[Black "Stachanczyk, Jacek"]
[Result "1/2-1/2"]
[ECO "D00"]
[WhiteElo "2014"]
[BlackElo "2189"]
[Annotator "TA"]
[PlyCount "38"]
[EventDate "2023.01.30"]
[EventType "team-tourn"]
[EventCountry "SRB"]
[SourceTitle "playchess.com"]
[Source "ChessBase"]
[SourceQuality "1"]
[WhiteTeam "India"]
[BlackTeam "Poland"]
[WhiteTeamCountry "IND"]
[BlackTeamCountry "POL"]
[TimeControl "40/5400+30:1800+30"]

1. d4 Nf6 2. Bf4 d5 3. e3 c5 4. c3 Nc6 5. Nd2 cxd4 {[%emt 0:00:34] The position is equal.} 6. exd4 {[%emt 0:00:12] D00: 1 d4 d5: Unusual lines.} Bf5 7. Ngf3 e6 8. Ne5 {[%emt 0:10:23] Threatens to win with g4.} (8. Qb3 $5 Qc8 9. Nh4 $11) 8... Nxe5 9. Bxe5 a6 10. Qb3 Qd7 11. Be2 Be7 12. O-O O-O 13. h3 {[%emt 0:00:43] [#]} Ne4 $146 ({Predecessor:} 13... h6 14. Qd1 b5 15. a3 a5 16. Bxf6 gxf6 17. g4 Bh7 18. f4 b4 19. cxb4 axb4 {0-1 Brunner,S (1918)-Von Herman,B (1991) GER-ch (Women) 2021 (4)}) 14. Nxe4 Bxe4 15. a4 Rfc8 16. Rfd1 Bf8 17. Bd3 Bxd3 18. Rxd3 Bd6 19. Bxd6 Qxd6 {[%emt 0:00:06] Not much happened in this game.   Weighted Error Value: White=0.07 (flawless) /Black=0.05 (flawless)} 1/2-1/2

[Event "1st FIDE Olympiad DIS 2023"]
[Site "Belgrade"]
[Date "2023.02.03"]
[Round "5.4"]
[White "Petrovic, Vladan"]
[Black "Ryvova, Anna"]
[Result "1/2-1/2"]
[ECO "B57"]
[WhiteElo "1818"]
[BlackElo "1823"]
[Annotator "NA COMBH"]
[PlyCount "58"]
[EventDate "2023.01.30"]
[EventType "team-tourn"]
[EventCountry "SRB"]
[SourceTitle "playchess.com"]
[Source "ChessBase"]
[SourceQuality "1"]
[WhiteTeam "Serbia"]
[BlackTeam "Czech Republic"]
[WhiteTeamCountry "SRB"]
[BlackTeamCountry "CZE"]
[TimeControl "40/5400+30:1800+30"]

1. e4 c5 2. Nf3 d6 3. d4 cxd4 4. Nxd4 Nf6 5. Nc3 Nc6 $11 6. Bc4 Qb6 7. Nf3 a6 8. h3 e6 9. Bb3 Be7 10. Be3 Qc7 11. O-O O-O 12. Re1 b5 13. a3 Bb7 14. Qd2 Na5 15. Bf4 Nxb3 16. cxb3 Rfd8 17. Rac1 Qd7 18. Qe3 Rac8 19. Red1 Qe8 20. Qb6 Qc6 21. Qxc6 Rxc6 22. e5 dxe5 23. Rxd8+ Bxd8 24. Rd1 Be7 25. Nxe5 Rc8 26. b4 Nd5 27. Nxd5 Bxd5 28. Rc1 Rxc1+ 29. Bxc1 f6 1/2-1/2

[Event "1st FIDE Olympiad DIS 2023"]
[Site "Belgrade"]
[Date "2023.02.03"]
[Round "5.5"]
[White "Severino, Sander"]
[Black "Gruenfeld, Yehuda"]
[Result "1/2-1/2"]
[ECO "A33"]
[WhiteElo "2364"]
[BlackElo "2414"]
[Annotator "TA"]
[PlyCount "140"]
[EventDate "2023.01.30"]
[EventType "team-tourn"]
[EventCountry "SRB"]
[SourceTitle "playchess.com"]
[Source "ChessBase"]
[SourceQuality "1"]
[WhiteTeam "Philippines"]
[BlackTeam "Israel"]
[WhiteTeamCountry "PHI"]
[BlackTeamCountry "ISR"]
[TimeControl "40/5400+30:1800+30"]

1. c4 Nf6 2. Nc3 c5 3. Nf3 Nc6 4. d4 cxd4 5. Nxd4 e6 6. a3 Be7 7. e4 O-O 8. Be2 d5 {[%emt 0:06:09] A33: Symmetrical English: 2 Nf3 Nf6 3 d4 cxd4 4 Nxd4 e6 5 Nc3 Nc6.} 9. exd5 exd5 10. Nxc6 bxc6 11. cxd5 Nxd5 12. Nxd5 cxd5 13. O-O Bf6 14. Rb1 {[%emt 0:03:07] [#]} Bb7 $146 ({Predecessor:} 14... d4 15. Bd3 Qd5 16. b4 Bb7 17. Qg4 Rfe8 18. Bd2 h5 {½-½ Gorshtein,I (2372)-Tanmay,C (2100) Sitges Sunway op 6th 2019 (4)}) 15. b4 d4 16. Bf3 Bxf3 17. Qxf3 Qb6 18. Qd3 Rac8 19. Bd2 {[%emt 0:00:11] Prevents Rc3} Qc6 20. Rb3 Qc2 21. Qxc2 Rxc2 22. Rd3 Rfc8 23. g4 h6 24. Kg2 Ra2 25. Rc1 Rxc1 26. Bxc1 $11 {[%emt 0:00:03][%mdl 4096] Endgame KRB-KRB} Kf8 27. Kf3 (27. Bf4 Ke7 $15) 27... Ke7 28. Rd2 Ra1 29. Bb2 Rh1 (29... Ra2 $11 {keeps the balance.}) 30. Kg2 $16 (30. Bxd4 Bxd4 31. Rxd4 Rxh2 $11) 30... Rb1 31. Bxd4 Bxd4 32. Rxd4 {[%emt 0:00:03] KR-KR} Rb3 33. a4 a6 34. h4 Ke6 35. f3 f5 $2 (35... g5 $16) 36. Kg3 $18 fxg4 37. Kxg4 g6 38. Re4+ Kd5 $2 (38... Kd7 39. Kg3 Rb1) 39. Kg3 Ra3 {[%emt 0:03:31] [#]} (39... Rb1 $142 40. a5 g5 41. hxg5 hxg5) 40. a5 $1 Ra1 41. Re8 Rg1+ 42. Kh2 $2 (42. Kf2 Rc1 43. Rh8) 42... Rc1 43. Rb8 Rc4 44. Kg3 Ke5 $2 (44... Ke6 45. Rb6+ Kf5 46. Rxa6 Rxb4) 45. b5 axb5 46. h5 {[%emt 0:00:11] Hoping for a6.} ({Weaker is} 46. Rxb5+ Kd4 47. Rb6 Rc1 $18) 46... gxh5 47. Rxb5+ Kf6 48. Rxh5 Kg6 49. Rh4 Rc6 50. Ra4 $2 (50. Rb4 Kg7 51. Rb7+ Kf8 52. Ra7) 50... Ra6 51. Kg4 Kf6 52. Rf4+ (52. Kf4 $16) 52... Kg6 $1 $11 53. Rf5 Rc6 54. Rb5 Rc4+ 55. f4 {[%emt 0:00:09] Threatens to win with Rb6+.} Ra4 56. Rb6+ Kg7 57. a6 {[%emt 0:00:10] aiming for Kf5.} Ra5 58. f5 Ra1 $2 (58... Ra4+ $11 59. Kh5 Ra5) 59. Rg6+ Kh7 60. Rd6 Kg7 {[%emt 0:00:11] [#]} 61. Kf4 $1 Ra5 62. Ke4 $2 ({White should try} 62. Rg6+ $18 Kh7 63. Rb6) 62... h5 {[%emt 0:03:38][%cal Bh6h5,Bh5h4,Bh4h3][%mdl 32] The position is equal.} 63. Kf4 h4 64. Kg5 h3 65. Rd7+ Kf8 $1 66. Kg6 (66. a7 $5 h2 $8 67. Rh7 Rxa7 68. Rxh2 $11 (68. Rh8+ Kg7 $11)) 66... h2 67. Rh7 Rxa6+ 68. f6 Kg8 {[%emt 0:00:06][%cal Oa6f6] And now ...Rxf6+! would win.} 69. Rxh2 Ra7 70. Rd2 Rg7+ $1 {[%emt 0:00:11] Weighted Error Value: White=0.37/Black=0.18 (very precise)} 1/2-1/2

[Event "1st FIDE Olympiad DIS 2023"]
[Site "Belgrade"]
[Date "2023.02.03"]
[Round "5.5"]
[White "Soltanov, Serik"]
[Black "Jankunas, Tomas"]
[Result "1/2-1/2"]
[ECO "E94"]
[WhiteElo "2266"]
[BlackElo "2127"]
[Annotator "TA"]
[PlyCount "36"]
[EventDate "2023.01.30"]
[EventType "team-tourn"]
[EventCountry "SRB"]
[SourceTitle "playchess.com"]
[Source "ChessBase"]
[SourceQuality "1"]
[WhiteTeam "Kazakhstan"]
[BlackTeam "ICCD"]
[WhiteTeamCountry "KAZ"]
[BlackTeamCountry "LTU"]
[TimeControl "40/5400+30:1800+30"]

1. d4 Nf6 2. c4 g6 3. Nc3 Bg7 4. e4 d6 5. Nf3 O-O 6. Be2 e5 7. O-O exd4 8. Nxd4 Re8 9. f3 Nc6 10. Nc2 Nd7 11. Be3 {[%emt 0:05:47] E94: King's Indian: Classical: 6 Be2 e5 7 0-0: Various Black 7th moves.} Nf8 12. Qd2 {[%emt 0:03:13] [#]} {Predecessor:} Bd7 $146 13. Rab1 a5 14. Bg5 f6 15. Bh4 Be6 16. Nd5 Nd7 17. b3 Qb8 18. Kh1 b6 {1-0 Baumhauer,C (2097)-Msellek,I (1942) Montigny le Bretonneux-A 8th 2009 (1)} 1/2-1/2

[Event "1st FIDE Olympiad DIS 2023"]
[Site "Belgrade"]
[Date "2023.02.03"]
[Round "5.6"]
[White "Streltsov, Alexey"]
[Black "Lopez, Henry"]
[Result "1-0"]
[ECO "D00"]
[WhiteElo "2317"]
[BlackElo "2102"]
[Annotator "TA"]
[PlyCount "73"]
[EventDate "2023.01.30"]
[EventType "team-tourn"]
[EventCountry "SRB"]
[SourceTitle "playchess.com"]
[Source "ChessBase"]
[SourceQuality "1"]
[WhiteTeam "Israel"]
[BlackTeam "Philippines"]
[WhiteTeamCountry "ISR"]
[BlackTeamCountry "PHI"]
[TimeControl "40/5400+30:1800+30"]

1. d4 d5 2. Nc3 Nf6 3. Bf4 a6 4. e3 e6 5. g4 h6 6. h4 {[%emt 0:00:54] D00: 1 d4 d5: Unusual lines.} c5 7. Bg2 $1 {[%emt 0:08:45][%mdl 4] is more profitable than 7.Qf3 at the moment.} Nc6 8. g5 {[%emt 0:01:23] [#] The position is equal.} Ng8 $146 (8... hxg5 $11 9. hxg5 Rxh1 10. Bxh1 cxd4 11. exd4 Ng8) ({Predecessor:} 8... hxg5 9. hxg5 Rxh1 10. Bxh1 Nd7 11. Nf3 Qb6 12. Rb1 g6 13. a3 Qa5 14. Qd2 Nb6 {0-1 Madaminov,M (2441)-Andreikin,D (2729) Titled Tuesday intern op 25th Oct Early blitz 2022 (10)}) 9. Nge2 (9. dxc5 $14 Bxc5 10. Qd3) 9... Bd6 10. dxc5 Bxc5 {[%emt 0:00:49] [#]} (10... Bxf4 $11 {keeps the balance.} 11. Nxf4 (11. exf4 Qa5 $11) 11... hxg5 12. hxg5 Rxh1+ 13. Bxh1 Qxg5) 11. Qd2 (11. Qd3 $1 $16) 11... hxg5 $11 12. hxg5 Rxh1+ 13. Bxh1 Nge7 $1 14. O-O-O Qa5 15. Kb1 Bd7 16. Bg2 ({White should play} 16. a3 $16) 16... O-O-O 17. Nc1 {[%emt 0:00:06] Nb3 is the strong threat.} Bb4 18. Nb3 {[%emt 0:00:10] Against e5} (18. Nd3 {simplifies} Bxc3 19. Qxc3 Qxc3 20. bxc3 Rh8 21. c4) 18... Bxc3 19. Qd3 Qxa2+ {[%emt 0:12:48][%mdl 8192] Black is now going downhill.} 20. Kxa2 $18 Nb4+ 21. Ka3 Nxd3 22. cxd3 e5 {[%emt 0:16:35] Strongly threatening ...Bxb2+.} 23. Bg3 Bxb2+ (23... Bg4 $2 24. Rc1 $18) (23... Nf5 24. bxc3 Nxg3 25. fxg3 b6) 24. Kxb2 f6 25. Rc1+ Kb8 26. d4 Nf5 27. dxe5 ({Not} 27. Bxd5 Ba4 28. Bf7 Nxg3 $18) 27... Nxg3 28. fxg3 fxe5 29. Bxd5 b6 30. e4 Rf8 31. Rh1 Rf2+ 32. Kc1 a5 33. Nd2 {[%emt 0:01:43] Wards off Rf3. aiming for Rh7.} b5 (33... Rg2 $142 34. Rh7 Rg1+ 35. Kb2 Rg2 36. Rxg7 Bb5 37. Rb7+ Kc8) 34. Rh7 Kc7 35. Rxg7 Kd6 36. g6 {[%emt 0:01:45][%cal Og7d7] White threatens Rxd7+! and mate.} Rg2 {[%emt 0:00:08] [#]} 37. Rxd7+ $1 {[%emt 0:00:30] Weighted Error Value: White=0.20 (precise) /Black=0.61} 1-0

[Event "1st FIDE Olympiad DIS 2023"]
[Site "Belgrade"]
[Date "2023.02.03"]
[Round "5.7"]
[White "Kozhabekov, Adilkhan"]
[Black "Johansen, Torbjorn Reidar"]
[Result "1/2-1/2"]
[ECO "D34"]
[WhiteElo "1939"]
[BlackElo "1764"]
[Annotator "TA"]
[PlyCount "116"]
[EventDate "2023.01.30"]
[EventType "team-tourn"]
[EventCountry "SRB"]
[SourceTitle "playchess.com"]
[Source "ChessBase"]
[SourceQuality "1"]
[WhiteTeam "Kazakhstan"]
[BlackTeam "ICCD"]
[WhiteTeamCountry "KAZ"]
[BlackTeamCountry "NOR"]
[TimeControl "40/5400+30:1800+30"]

1. Nf3 d5 2. d4 Nf6 3. g3 e6 4. Bg2 c5 5. O-O Be7 6. c4 O-O 7. cxd5 exd5 8. Nc3 cxd4 9. Nxd4 Nc6 10. Bf4 a6 11. Rc1 Qb6 {[%emt 0:03:14] D34: Tarrasch Defence: 6 g3 Nf6 7 Bg2 Be7.} 12. Nb3 {[%emt 0:06:11] [#]} Rd8 $146 ({Predecessor:} 12... Be6 13. Be3 Qd8 14. Qd2 Bb4 15. Rfd1 Qe7 16. Bg5 Rfd8 17. Qf4 Bxc3 18. bxc3 h6 19. Bxf6 Qxf6 20. Qxf6 gxf6 {½-½ Vieweg,K-Tichatschke,W Oberliga Ost-A 0203 2002 (2.7)}) 13. Na4 (13. Nxd5 $6 Nxd5 14. Bxd5 Bf5 $11) (13. Bxd5 $6 Be6 14. Be3 Qb4 $11) 13... Qb4 {[%emt 0:05:58] White is better.} 14. Nac5 (14. Nbc5 $1 $16) 14... Bxc5 15. Rxc5 Be6 16. Bg5 Ne4 (16... Rac8 $14) 17. Bxe4 {[%emt 0:20:35] This pair of bishops is nice.} (17. Bxd8 Nxc5 18. Bc7 d4 $11) (17. a3 $18 Qa4 18. Bxd8 Nxc5 19. Nxc5 {[%mdl 64] Discovered Attack} Qxd1 20. Rxd1 Rxd8 21. b4 (21. Nxb7 Rb8 $16)) 17... f6 (17... dxe4 $16 18. Bxd8 Bxb3) 18. Bxd5 ({Weaker is} 18. Bxh7+ Kxh7 19. Be3 Rac8 $16) (18. Bxf6 $1 $18 gxf6 19. Bxd5 Bxd5 20. Rxd5) 18... Bxd5 $16 19. Rxd5 fxg5 20. Qd3 h6 21. Rd1 Rxd5 22. Qxd5+ Kh8 23. Qe6 a5 24. a3 Qb6 25. Rd2 Rf8 26. e3 {[%emt 0:00:35] Active counter play!} a4 27. Nd4 {[%emt 0:01:00] And now Qg6 would win.} Qa5 28. Rd1 (28. Nxc6 $2 {too greedy.} Qxd2 29. f4 bxc6 $19) 28... Qb6 {[%emt 0:08:18] [#]} (28... Nxd4 $16 29. exd4 Qb5) 29. Rd2 ({White must play} 29. Nxc6 $1 $18 bxc6 30. Qd6) 29... Qa5 $1 30. Rd1 (30. Nxc6 Qxd2 31. f4 bxc6 $19) (30. Re2 $16) 30... Qc5 (30... Qb6 $1 $11 {keeps the balance.}) 31. Nxc6 (31. Qe4 $16) 31... Qc2 $14 32. Rf1 bxc6 {[%emt 0:00:18][%mdl 4096] Endgame KQR-KQR} 33. Qd6 {[%emt 0:00:18] Wards off Rb8} Rc8 {[%emt 0:00:42] [#]} 34. Qe5 (34. Qd1 $1 $16 Qxb2 35. Qxa4) 34... c5 35. g4 (35. f4 {feels hotter.} Rd8 36. fxg5 Rd2 37. Rf8+) 35... c4 (35... Rd8 $11) 36. Qf5 $1 Qxf5 37. gxf5 {[%emt 0:00:00] KR-KR} Rb8 (37... h5 $14) 38. Rc1 $16 Rc8 39. Kg2 Kg8 40. Kf3 Kf7 41. Rd1 ({Better is} 41. e4 $16) 41... c3 $11 {[%emt 0:31:09] The position is equal.} 42. bxc3 Rxc3 43. Rd7+ Kf6 44. Ke4 Rxa3 45. Rd6+ Ke7 46. Ra6 Ra2 47. Ke5 Rxf2 48. Ra7+ Kf8 49. Rxa4 Rxh2 50. Ke6 Kg8 51. f6 gxf6 52. Kxf6 Rb2 53. Ra8+ Kh7 54. Ra7+ Kg8 55. Ra8+ Kh7 {[%emt 0:00:00] ...Rf2+ is the strong threat.} 56. Ra7+ Kg8 57. Ra8+ Kh7 {[%emt 0:00:00] White must now prevent ...Rf2+.} 58. Ra7+ Kg8 {[%emt 0:00:17] White really could win this.   Weighted Error Value: White=0.26 (precise) /Black=0.22 (precise)} 1/2-1/2